 Dungeon Crawl Stone Soup version 0.31-a0-1091-g283494c966 (webtiles) character file.

Game seed: 4859030575723447336

82 kae the Sneak (level 4, -1/32 HPs)
             Began as a Demonspawn Enchanter on Nov 28, 2023.
             Slain by an orc
             ... wielding a +0 flail
              (5 damage)
             ... on level 3 of the Dungeon.
             The game lasted 00:02:31 (2107 turns).

kae the Sneak (Demonspawn Enchanter)                Turns: 2107, Time: 00:02:32

Health: -1/32      AC:  4    Str:  8    XL:     4   Next: 21%
Magic:  0/7        EV: 12    Int: 25    God:
Gold:   236        SH:  0    Dex: 17    Spells: 6/8 levels left

rFire   . . .        a - +1 dagger
rCold   + . .        (no shield)
rNeg    . . .        b - +0 robe
rPois   .            (helmet restricted)
rElec   .            g - +0 cloak
rCorr   .            (no gloves)
SInv    +            (no boots)
Will    .....        G - amulet of guardian spirit
Stlth   +++          e - ring of Roup {rC+ Dex+4 SInv}
HPRegen 0.25/turn    I - +6 ring of intelligence
MPRegen 0.10/turn

%: guardian spirit
@: invisible
A: antennae 1, rugged brown scales 1
a: no special abilities


You were on level 3 of the Dungeon.
You visited 1 branch of the dungeon, and saw 3 of its levels.

You collected 236 gold pieces.


Innate Abilities, Weirdness & Mutations

You have a pair of small antennae on your head.
You are partially covered in rugged brown scales. (AC +1, +3% HP)


   Skills:
 + Level 1.2 Fighting
 * Level 2.0 Short Blades
 - Level 1.7 Dodging
 * Level 3.4 Stealth
 + Level 2.5 Spellcasting
 + Level 3.3 Hexes


You had 6 spell levels left.
You knew the following spells:

 Your Spells              Type           Power      Damage    Failure   Level
a - Ensorcelled Hibernat  Hex/Ice        22%        N/A       9%          2

Your spell library contained the following spells:

 Spells                   Type           Power      Damage    Failure   Level
 Confusing Touch          Hex            19%        N/A       9%          3
 Tukima's Dance           Hex            19%        N/A       9%          3
 Foxfire                  Conj/Fire      12%        2x1d4     11%         1
 Lesser Beckoning         Tloc           6%         N/A       16%         2
 Dazzling Flash           Conj/Hex       22%        N/A       16%         3
 Gell's Gravitas          Tloc           3%         N/A       32%         3
 Teleport Other           Tloc           3%         N/A       32%         3
 Animate Armour           Summ/Erth      6%         N/A       71%         4
 Summon Lightning Spire   Summ/Air       3%         N/A       71%         4
 Lee's Rapid Deconstruct  Erth           1%         3d4*      96%         5
 Plasma Beam              Fire/Air       1%         2x1d11    100%        6
 Starburst                Conj/Fire      1%         6d3       100%        6

Inventory:

Hand Weapons
 a - a +1 dagger (weapon)
Missiles
 f - a throwing net {=f!f}
 j - 30 stones
Armour
 b - a +0 robe (worn)
 g - a +0 cloak (worn)
   (You found it on level 2 of the Dungeon)
 i - a +0 helmet
   (You found it on level 2 of the Dungeon)
Jewellery
 e - the ring of Roup (left hand) {rC+ Dex+4 SInv}
   (You found it on level 2 of the Dungeon)

   [ring of protection from cold]

   Dex+4:     It affects your dexterity (+4).
   rC+:       It protects you from cold.
   SInv:      It lets you see invisible.
 G - an amulet of guardian spirit (around neck)
   (You found it on level 3 of the Dungeon)
 I - a +6 ring of intelligence (right hand)
   (You found it on level 2 of the Dungeon)
Scrolls
 d - a scroll of revelation
 k - a scroll of identify {@r1}
Potions
 c - 3 potions of invisibility
 h - a potion of cancellation

Dungeon Overview and Level Annotations

Branches:
Dungeon (3/15) Zot: 15906

Altars:
Qazlal
Wu Jian

Annotations:
D:2 Natasha
D:3 Sigmund

.####.>....# ####.#
...........# #....#
####.......###.##### ##
#.....o#.......# ...
#...o..#.......# ....
#...o..#.......# .....
####'###.......#
......#####...........#
........@o.....>......#
......#########.......#
##### #.......#
#.......# #########


You could see an orc (unable to see you).


Message History

You take 2 damage, and now have 26/32 hp.
You lost 1 mp, and now have 6/7 mp.
You hit the quokka but do no damage. The orc closely misses you.
The quokka bites you. 😕 HP[-1]
You take 1 damage, and now have 25/32 hp.
You hit the quokka. The orc barely misses you. The quokka closely misses you.
You completely miss the quokka. The quokka barely misses you.
The orc closely misses you.
You hit the quokka.
You kill the quokka!
The orc closely misses you. 😕 HP[+1]
You hit the orc. The orc hits you but does no damage.
You closely miss the orc. The orc closely misses you.
You hit the orc but do no damage. You hit the orc.
You kill the orc!
Your Short Blades skill increases to level 2! 😕 HP[+1]
You hit the orc but do no damage. The orc misses you.
You hit the orc but do no damage. The orc barely misses you. 😕 MP[+1]
Your mp is fully restored (7).
You hit the orc but do no damage.
The orc hits you with a +0 war axe! 😮 HP[-5] MP[-2]
You take 5 damage, and now have 22/32 hp.
You lost 2 mp, and now have 5/7 mp.
You hit the orc but do no damage. The orc closely misses you.
You hit the orc.
The orc hits you with a +0 war axe. 😮 HP[-2]
You take 2 damage, and now have 20/32 hp.
You barely miss the orc. The orc barely misses you.
You hit the orc but do no damage. The orc closely misses you.
You hit the orc but do no damage. The orc barely misses you.
You hit the orc but do no damage. 😮 HP[+1]
You hit the orc but do no damage. The orc closely misses you.
You barely miss the orc. The orc hits you but does no damage.
Casting: Ensorcelled Hibernation (safe; 9% risk of failure)
Confirm with . or Enter, or press ? or * to list all spells.
Aiming: Ensorcelled Hibernation (safe; 9% risk of failure)
Press: ? - help, Shift-Dir - straight line, f - orc
Aim: an orc, wielding a +0 war axe and wearing a +0 chain mail (heavily wounded, chance to affect: 62%)
The orc looks drowsy... 😮 MP[-2]
You lost 2 mp, and now have 3/7 mp.
The helpless orc fails to defend itself.
You impale the orc!!
You kill the orc!
You barely miss the orc. The orc misses you. 😮 HP[+1] MP[+1]
You hit the orc.
The orc hits you with a +0 falchion. 😮 HP[-5] MP[-1]
You take 5 damage, and now have 17/32 hp.
You lost 1 mp, and now have 3/7 mp.
You hit the orc. The orc hits you with a +0 falchion.
* * * LOW HITPOINT WARNING * * *
😨 HP[-3]
You take 3 damage, and now have 14/32 hp.
Casting: Ensorcelled Hibernation (safe; 9% risk of failure)
Confirm with . or Enter, or press ? or * to list all spells.
Aiming: Ensorcelled Hibernation (safe; 9% risk of failure)
Press: ? - help, Shift-Dir - straight line, f - orc
Aim: an orc, wielding a +0 falchion (moderately wounded, chance to affect: 62%)
The orc looks drowsy...
The helpless orc fails to defend itself.
You impale the orc!!
You kill the orc! 😨 HP[+1] MP[-2]
You lost 2 mp, and now have 1/7 mp.
The orc barely misses you.
Items here: ))) [[ ††.
You hit the orc but do no damage. The orc misses you.
You closely miss the orc. The orc hits you with a +0 flail.
* * * LOW HITPOINT WARNING * * *
😨 HP[-3]
You take 3 damage, and now have 12/32 hp.
You hit the orc but do no damage. The orc closely misses you. 😨 HP[+1]
Casting: Ensorcelled Hibernation (safe; 9% risk of failure)
Confirm with . or Enter, or press ? or * to list all spells.
You don't have enough magic to cast this spell.
You hit the orc but do no damage. The orc barely misses you.
You hit the orc but do no damage. The orc hits you with a +0 flail.
* * * LOW HITPOINT WARNING * * *
😨 HP[-3] MP[-1]
You take 3 damage, and now have 10/32 hp.
You lost 1 mp, and now have 0/7 mp.
You hit the orc but do no damage. The orc completely misses you. 😨 MP[+1]
You hit the orc but do no damage. The orc hits you with a +0 flail!
* * * LOW HITPOINT WARNING * * *
😱 HP[-7] MP[-1]
You take 7 damage, and now have 3/32 hp.
MASSIVE DAMAGE!! (PAUSE)
You lost 1 mp, and now have 0/7 mp.
You fade into invisibility!
The orc hits you with a +0 flail.
You die...

Skill      XL: |  1  2  3  4 |
---------------+-------------+-----
Short Blades   | 1 2 |  2.0
Stealth        | 3 |  3.4
Fighting       | 1 |  1.2
Dodging        | |  1.7
Spellcasting   | |  2.5
Hexes          | |  3.3

Action                     |  1- 3 |  4- 6 || total
---------------------------+-------+-------++-------
  Melee: Dagger            |   120 |    58 ||   178
   Cast: Ensorcelled Hiber |    14 |     2 ||    16
    Use: Scroll            |     1 |     3 ||     4
         Potion            |       |     1 ||     1
   Stab: Sleeping          |    21 |     3 ||    24
 Armour: Robe              |    70 |    32 ||   102
  Dodge: Dodged            |    84 |    41 ||   125

Levels and vault maps discovered:
D:1:      roderic_octagonal_star, layout_loops_ring,
          dreamdust_ecumenical_altar_hidden_monk_grotto, nrook_loot_triangle
D:2:      layout_rooms, basic_altar, minmay_circle_x, uniq_natasha
D:3:      layout_basic, pdpol_wu_jian_five_deadly_venoms,
          nicolae_qazlal_general_emergency, uniq_sigmund

Notes
Turn   | Place    | Note
-------+----------+-------------------------------------------
     0 | D:1      | kae the Demonspawn Enchanter began the quest for the Orb.
     0 | D:1      | Reached XP level 1. HP: 13/13 MP: 3/3
     0 | D:1      | magus.rc [v1.11.3]
    99 | D:1      | Reached skill level 1 in Short Blades
   104 | D:1      | You pick up a book of Iron and begin reading...
   104 | D:1      | You add the spells Summon Lightning Spire, Animate Armour
                  | and Lee's Rapid Deconstruction to your library.
   212 | D:1      | Gained mutation: You are partially covered in rugged brown
                  | scales. (AC +1, +3% HP) [demonic ancestry]
   212 | D:1      | Reached XP level 2. HP: 9/20 MP: 5/5
   222 | D:1      | HP: 2/20 [quokka (4)]
   288 | D:1      | Learned a level 2 spell: Ensorcelled Hibernation
   303 | D:1      | HP: 5/20 [endoplasm (1)]
   515 | D:1      | Reached skill level 3 in Stealth
   897 | D:1      | Found a faded altar of an unknown god.
   902 | D:1      | Reached skill level 1 in Fighting
   965 | D:2      | Reached XP level 3. HP: 26/26 MP: 6/6
   967 | D:2      | Identified the ring of Roup {rC+ Dex+4 SInv}
  1014 | D:2      | Noticed Natasha
  1485 | D:2      | Gained mutation: You have a pair of small antennae on your
                  | head. [demonic ancestry]
  1485 | D:2      | Reached XP level 4. HP: 27/32 MP: 2/7
  1547 | D:2      | You pick up a book of Fire and begin reading...
  1547 | D:2      | You add the spells Foxfire, Plasma Beam and Starburst to
                  | your library.
  1798 | D:3      | Found a stormy altar of Qazlal.
  1875 | D:3      | Noticed Sigmund
  1925 | D:3      | You pick up a book of Displacement and begin reading...
  1925 | D:3      | You add the spells Lesser Beckoning, Gell's Gravitas and
                  | Teleport Other to your library.
  1940 | D:3      | Found an ornate altar of the Wu Jian Council.
  2081 | D:3      | Reached skill level 2 in Short Blades
  2106 | D:3      | HP: 3/32 [orc/+0 flail (7)]
  2107 | D:3      | Slain by an orc

Vanquished Creatures
  3 adders (D:2)
  A worm (D:2)
  A dart slug (D:1)
  3 orcs (D:3)
  2 ball pythons (D:1)
  7 bats
  5 endoplasms
  4 goblins
  4 hobgoblins
  4 quokkas
  A frilled lizard (D:2)
  2 kobolds (D:2)
  8 rats
45 creatures vanquished.

Table legend:
 A = Non-vault XP
 B = Vault XP
 C = Vault XP percentage of total XP
 D = Non-vault monster count
 E = Vault monster count
 F = Vault count percentage of total count
                 A         B        C        D         E       F
            +---------+---------+-------+---------+---------+-------
      Total |     100 |      18 |  15.3 |      41 |       4 |   8.9
            +---------+---------+-------+---------+---------+-------
        D:1 |      39 |       0 |   0.0 |      21 |       0 |   0.0
        D:2 |      48 |      18 |  27.3 |      14 |       4 |  22.2
        D:3 |      13 |       0 |   0.0 |       6 |       0 |   0.0
            +---------+---------+-------+---------+---------+-------

Skill      XL: |  1  2  3  4 |
---------------+-------------+-----
Short Blades   | 1 2 |  2.0
Stealth        | 3 |  3.4
Fighting       | 1 |  1.2
Dodging        | |  1.7
Spellcasting   | |  2.5
Hexes          | |  3.3

Action                     |  1- 3 |  4- 6 || total
---------------------------+-------+-------++-------
  Melee: Dagger            |   120 |    58 ||   178
   Cast: Ensorcelled Hiber |    14 |     2 ||    16
    Use: Scroll            |     1 |     3 ||     4
         Potion            |       |     1 ||     1
   Stab: Sleeping          |    21 |     3 ||    24
 Armour: Robe              |    70 |    32 ||   102
  Dodge: Dodged            |    84 |    41 ||   125

Illustrated notes

Table legend:
 A = Kills in this place as a percentage of kills in the entire game.
 B = Kills by you in this place as a percentage of kills by you in the entire game.
 C = Kills by friends in this place as a percentage of kills by friends in the entire game.
 D = Other kills in this place as a percentage of other kills in the entire game.
 E = Experience gained in this place as a percentage of experience gained in the entire game.
 F = Experience gained in this place divided by the number of levels of this place that you have seen.
                   A       B       C       D       E      F
               +-------+-------+-------+-------+-------+----------------------
         Total | 100.0 | 100.0 |   N/A |   N/A | 100.0 |  39.3
       Dungeon | 100.0 | 100.0 |   N/A |   N/A | 100.0 |  39.3
               +-------+-------+-------+-------+-------+----------------------

Table legend: (Time is in decaauts)
 A = Elapsed time spent in this place.
 B = Non-inter-level travel time spent in this place.
 C = Inter-level travel time spent in this place.
 D = Time resting spent in this place.
 E = Time spent auto-exploring this place.
 F = Levels seen in this place.
 G = Mean time per level.
                   A        B        C        D        E       F      G
               +--------+--------+--------+--------+--------+-----+--------+
         Total |   2092 |   2009 |     83 |    243 |   1337 |   3 |  697.3 |
       Dungeon |   2092 |   2009 |     83 |    243 |   1337 |   3 |  697.3 |
               +--------+--------+--------+--------+--------+-----+--------+

Top non-repeatable levels by time:
     D:1: 947 daAuts
     D:2: 822 daAuts
     D:3: 322 daAuts
